 Dungeon Sprint DCSS version 0.28-a0-1435-g82390b3a13 (webtiles) character file.

Game seed: 13145228780815552599

1672 mhtbhm the Eclecticist (level 8, -2/44 HPs)
             Began as a Deep Elf Earth Elementalist on Jan 9, 2022.
             Was a Believer of Vehumet.
             Killed by divine providence
             ... invoked by a meliai
              (10 damage)
             ... in the Dungeon (Sprint IX: "|||||||||||||||||||||||||||||").
             The game lasted 00:03:43 (745 turns).

mhtbhm the Eclecticist (Deep Elf Earth Elementalist) Turns: 745, Time: 00:03:44

Health: -2/44      AC:  5    Str:  8    XL:     8   Next: 70%
Magic:  15/29      EV: 15    Int: 23    God:    Vehumet [**....]
Gold:   0          SH:  0    Dex: 15    Spells: 27/37 levels left

rFire   . . .      SeeInvis .   l - +2 rapier (drain)
rCold   . . .      Faith    .   (no shield)
rNeg    . . .      Spirit   .   b - +0 robe
rPois   .          Reflect  .   (no helmet)
rElec   .          Harm     .   k - +0 cloak
rCorr   .          Rampage  .   (no gloves)
Will    .....      NoTele   +   (no boots)
Stlth   ++++......              (no amulet)
HPRegen 0.14/turn               m - +2 ring of protection
MPRegen 0.21/turn               n - +3 ring of strength

@: no status effects
A: no striking features
a: Renounce Religion


You were in the Dungeon.
You worshipped Vehumet.
Vehumet was pleased with you.
You visited 1 branch

Inventory:

Hand Weapons
 l - a +2 rapier of draining (weapon)
Missiles
 i - 2 stones
Armour
 b - a +0 robe (worn)
 k - a +0 cloak (worn)
Jewellery
 m - a +2 ring of protection (left hand)
 n - a +3 ring of strength (right hand)
Wands
 j - a wand of acid (10)
Scrolls
 e - 2 scrolls of amnesia
 h - 2 scrolls of blinking
Potions
 a - a potion of invisibility
 c - 5 potions of curing
 d - 2 potions of heal wounds
 f - 3 potions of magic
 g - a potion of berserk rage


   Skills:
 + Level 1.8 Fighting
 + Level 2.7 Short Blades
 + Level 6.3 Dodging
 + Level 7.9 Stealth
 + Level 15.3 Spellcasting
 + Level 2.0 Conjurations
 + Level 4.5 Transmutations
 + Level 13.7 Earth Magic


You had 27 spell levels left.
You knew the following spells:

 Your Spells              Type           Power      Damage    Failure   Level
a - Sandblast             Erth           100%       2d20      0%          1
b - Passwall              Tmut/Erth      46%        N/A       1%          2
c - Stone Arrow           Conj/Erth      100%       3d13      1%          3
d - Petrify               Tmut/Erth      56%        N/A       1%          4

Your spell library contained the following spells:

 Spells                   Type           Power      Damage    Failure   Level
 Scorch                   Fire           34%        2d7       4%          2


Dungeon Overview and Level Annotations

Branches:
Dungeon (1/1)

Altars:
Cheibriados
Dithmenos
Elyvilon
Fedhas
Gozag
Hepliaklqana
Kikubaaqudgha
Makhleb
Nemelex Xobeh
Okawaru
Qazlal
Ru
Sif Muna
Trog
Uskayaw
Vehumet
Wu Jian
Xom
Yredelemnul
Zin
The Shining One
Beogh
Jiyva
Lugonu


Message History

Casting: Sandblast (safe; 0% risk of failure)
Confirm with . or Enter, or press ? or * to list all spells.
Aiming: Stone Arrow (safe; 1% risk of failure)
Press: ? - help, Shift-Dir - straight line, f - wraith
Aim: a wraith (moderately damaged, 78% to hit)
The stone arrow hits the wraith!!
The wraith is almost destroyed.
The wraith hits you!
Unknown command.
Casting: Stone Arrow (safe; 1% risk of failure)
Confirm with . or Enter, or press ? or * to list all spells.
Aiming: Stone Arrow (safe; 1% risk of failure)
Press: ? - help, Shift-Dir - straight line, f/p - wraith
Aim: a wraith (almost destroyed, 78% to hit)
The stone arrow hits the wraith!!
You destroy the wraith!
Vehumet accepts your kill.
Your Conjurations skill increases to level 2!
Unknown command.
Casting: Stone Arrow (safe; 1% risk of failure)
Confirm with . or Enter, or press ? or * to list all spells.
Aiming: Petrify (dangerous; 1% risk of failure)
Press: ? - help, Shift-Dir - straight line, f - two-headed ogre
Aim: a two-headed ogre, wielding a +0 dire flail and a +0 giant club (chance to affect: 57%)
The two-headed ogre resists with significant effort.
The two-headed ogre hits you with a +0 dire flail.
The two-headed ogre hits you with a +0 giant club!
Casting: Petrify (dangerous; 1% risk of failure)
Confirm with . or Enter, or press ? or * to list all spells.
Aiming: Petrify (dangerous; 1% risk of failure)
Press: ? - help, Shift-Dir - straight line, f/p - two-headed ogre
Aim: a two-headed ogre, wielding a +0 dire flail and a +0 giant club (chance to affect: 57%)
The two-headed ogre is moving more slowly.
Unknown command.
The meliai mumbles some strange prayers to its god against you.
Something smites you!
* * * LOW HITPOINT WARNING * * *
The meliai calls down the wrath of its god upon you.
Something smites you!
You die...

▓.▓
▓[▓
▓[▓
▓.▓
▓.▓
▓'▓
▓.▓
▓.▓
▓@▓
▓.▓
▓O▓
▓W▓
▓)▓
▓y▓
▓T▓
▓.▓
▓.▓


You could see a two-headed ogre (petrifying), a troll, a wraith and a meliai.

Vanquished Creatures
  A centaur warrior (D)
  A shadow (D)
  A wraith (D)
  2 yaks (D)
  A wyvern (D)
  2 ogres (D)
  A centaur (D)
  A howler monkey (D)
  An iguana (D)
  An ufetubus (D)
  A dart slug (D)
  A bat (D)
  A bat zombie (D)
  A goblin (D)
  A hobgoblin (D)
  A frilled lizard (D)
18 creatures vanquished.

Notes
Turn   | Place    | Note
-------+----------+-------------------------------------------
     0 | D        | mhtbhm the Deep Elf Earth Elementalist began the quest for
                  | the Orb.
     0 | D        | Reached XP level 1. HP: 10/10 MP: 6/6
    36 | D        | Reached skill level 4 in Spellcasting
   103 | D        | Noticed an ogre
   103 | D        | Noticed an iguana
   103 | D        | Noticed an ogre
   116 | D        | Killed an ogre
   117 | D        | Reached skill level 7 in Spellcasting
   117 | D        | Reached XP level 2. HP: 15/15 MP: 4/12
   117 | D        | Reached XP level 3. HP: 19/19 MP: 4/13
   117 | D        | Reached XP level 4. HP: 24/24 MP: 4/15
   127 | D        | Killed an ogre
   128 | D        | Reached skill level 9 in Spellcasting
   128 | D        | Reached XP level 5. HP: 28/28 MP: 10/18
   143 | D        | Found a snail-covered altar of Cheibriados.
   143 | D        | Found a shadowy altar of Dithmenos.
   143 | D        | Found a white marble altar of Elyvilon.
   143 | D        | Found a blossoming altar of Fedhas.
   143 | D        | Found an opulent altar of Gozag.
   144 | D        | Found a hazy altar of Hepliaklqana.
   145 | D        | Found a viscous altar of Jiyva.
   146 | D        | Found an ancient bone altar of Kikubaaqudgha.
   147 | D        | Found a corrupted altar of Lugonu.
   148 | D        | Found a burning altar of Makhleb.
   149 | D        | Found a sparkling altar of Nemelex Xobeh.
   150 | D        | Found an iron altar of Okawaru.
   151 | D        | Found a stormy altar of Qazlal.
   152 | D        | Found a sacrificial altar of Ru.
   153 | D        | Found a shimmering blue altar of Sif Muna.
   154 | D        | Found a bloodstained altar of Trog.
   155 | D        | Found a hide-covered altar of Uskayaw.
   156 | D        | Found a radiant altar of Vehumet.
   157 | D        | Found an ornate altar of the Wu Jian Council.
   158 | D        | Found a shimmering altar of Xom.
   159 | D        | Found a basalt altar of Yredelemnul.
   160 | D        | Found a glowing silver altar of Zin.
   161 | D        | Found a glowing golden altar of the Shining One.
   164 | D        | Became a worshipper of Vehumet
   207 | D        | Learned a level 2 spell: Passwall
   211 | D        | Learned a level 3 spell: Stone Arrow
   216 | D        | Learned a level 4 spell: Petrify
   216 | D        | Noticed a shadow
   216 | D        | Noticed a wyvern
   216 | D        | Noticed a centaur
   216 | D        | Noticed a yak
   216 | D        | Noticed a yak
   218 | D        | Reached skill level 5 in Stealth
   219 | D        | Killed a shadow
   220 | D        | Reached skill level 5 in Dodging
   220 | D        | Reached skill level 11 in Spellcasting
   220 | D        | Reached XP level 6. HP: 32/32 MP: 11/22
   306 | D        | Killed a wyvern
   306 | D        | Reached * piety under Vehumet
   306 | D        | Offered knowledge of Foxfire by Vehumet.
   307 | D        | Reached skill level 12 in Spellcasting
   307 | D        | Reached XP level 7. HP: 29/36 MP: 13/24
   520 | D        | Killed a yak
   521 | D        | Reached skill level 1 in Short Blades
   521 | D        | Reached skill level 13 in Spellcasting
   521 | D        | Reached skill level 1 in Conjurations
   683 | D        | Killed a yak
   683 | D        | Reached ** piety under Vehumet
   683 | D        | Offered knowledge of Scorch by Vehumet.
   732 | D        | Noticed a centaur warrior
   732 | D        | Noticed a wraith
   732 | D        | Noticed a two-headed ogre
   732 | D        | Noticed a wraith
   732 | D        | Noticed a meliai
   732 | D        | Noticed a troll
   737 | D        | Killed a centaur warrior
   738 | D        | Reached skill level 1 in Fighting
   738 | D        | Reached skill level 15 in Spellcasting
   738 | D        | Reached XP level 8. HP: 17/43 MP: 27/29
   745 | D        | Killed from afar by a meliai

Illustrated notes

Levels and vault maps discovered:
D:        linesprint [early_d, line_temple, items_1, d_10, items_2, lair_1,
          lair_end, items_3, orc_1, orc_end, items_4, d_15, swamp_1, shoals_1,
          snake_1, spider_1, d_20, vaults_1, items_5, swamp_end, shoals_end,
          snake_end, spider_end, vaults_end, d_27, items_6, zot_1, zot_end,
          crypt_end, forest_end, elf_end, slime_end, tomb_end, abyss_end,
          pan_hell_end]

Skill      XL: |  1  2  3  4  5  6  7  8 |
---------------+-------------------------+-----
Stealth        | 4 5 7 |  7.9
Spellcasting   | 7 9 11 12 15 | 15.3
Dodging        | 4 5 6 |  6.3
Earth Magic    | 7 9 11 13 | 13.7
Short Blades   | 2 |  2.7
Conjurations   | 1 2 |  2.0
Transmutations | 4 |  4.5
Fighting       | 1 |  1.8

Action                   |  1- 3 |  4- 6 |  7- 9 || total
-------------------------+-------+-------+-------++-------
Melee: Rapier            |       |       |     4 ||     4
 Cast: Sandblast         |    10 |     9 |     9 ||    28
       Stone Arrow       |       |     5 |     5 ||    10
       Petrify           |       |     1 |     8 ||     9
  Use: Potion            |     1 |     1 |     1 ||     3
 Stab: Petrified         |       |       |     2 ||     2
       Petrifying        |       |       |     1 ||     1
Armor: Robe              |     2 |       |     6 ||     8
Dodge: Dodged            |     2 |     5 |    16 ||    23

Table legend: (Time is in decaauts)
 A = Elapsed time spent in this place.
 B = Non-inter-level travel time spent in this place.
 C = Inter-level travel time spent in this place.
 D = Time resting spent in this place.
 E = Time spent auto-exploring this place.
 F = Levels seen in this place.
 G = Mean time per level.
                   A        B        C        D        E       F      G
               +--------+--------+--------+--------+--------+-----+--------+
         Total |    725 |    725 |      0 |    422 |     24 |   1 |  725.0 |
       Dungeon |    725 |    725 |      0 |    422 |     24 |   1 |  725.0 |
               +--------+--------+--------+--------+--------+-----+--------+

Top non-repeatable levels by time:
       D: 725 daAuts
